 Dungeon Crawl Stone Soup version 0.29.0 (webtiles) character file.

Game seed: 10141725156923586143

14441 PublicAnimeNo1 the Geomancer (level 12, -1/68 HPs)
             Began as a Kobold Earth Elementalist on Aug 31, 2022.
             Was a Believer of Kikubaaqudgha.
             Slain by a blink frog (13 damage)
             ... on level 2 of the Lair of Beasts on Sept 2, 2022.
             The game lasted 00:25:41 (15187 turns).

PublicAnimeNo1 the Geomancer (KoEE)                Turns: 15187, Time: 00:25:41

Health: -1/68      AC: 11    Str: 13    XL:     12   Next: 45%
Magic:  28/28      EV: 17    Int: 25    God:    Kikubaaqudgha [**....]
Gold:   599        SH:  0    Dex: 15    Spells: 5/21 levels left

rFire   + . .      SeeInvis .   n - +2 dagger (pain)
rCold   . . .      Faith    .   (no shield)
rNeg    . . .      Spirit   .   j - +0 acid dragon scales
rPois   .          Reflect  .   g - +1 hat {Will+}
rElec   +          Harm     .   B - +0 cloak
rCorr   +          Rampage  .   s - +0 pair of gloves
Will    +....                   m - +1 pair of boots
Stlth   ++++......              (no amulet)
HPRegen 0.21/turn               G - ring of magical power
MPRegen 0.21/turn               A - ring of Res Nullius {rElec rF+ Str+6 Int+5 Stlth-}

@: no status effects
A: small, no large weapons, nightstalker 3
a: Renounce Religion, Unearth Wretches


You were on level 2 of the Lair of Beasts.
You worshipped Kikubaaqudgha.
Kikubaaqudgha was pleased with you.
You visited 2 branches of the dungeon, and saw 12 of its levels.

You collected 599 gold pieces.

Inventory:

Hand Weapons
 n - a +2 dagger of pain (weapon)
 H - a +4 scimitar of flaming
Missiles
 k - 6 throwing nets
Armour
 a - a +0 robe
 e - a +0 buckler
 g - a +1 hat of willpower (worn)
 j - +0 acid dragon scales (worn)
 m - a +1 pair of boots (worn)
 s - a +0 pair of gloves (worn)
 B - a +0 cloak (worn)
Jewellery
 p - a ring of flight
 y - a +6 ring of intelligence
 A - the ring of Res Nullius (right hand) {rElec rF+ Str+6 Int+5 Stlth-}
   (You found it on level 4 of the Dungeon)

   [ring of strength]

   Str:       It affects your strength (+6).
   Int:       It affects your intelligence (+5).
   rF:        It protects you from fire.
   rElec:     It insulates you from electricity.
   Stlth:     It makes you less stealthy.
 E - a ring of willpower
 G - a ring of magical power (left hand)
 I - a ring of see invisible
 J - a +4 ring of slaying
Wands
 h - a wand of digging (14)
 t - a wand of charming (11)
 u - a wand of flame (14)
Scrolls
 d - 3 scrolls of summoning
 f - 3 scrolls of teleportation
 i - a scroll of enchant armour
 r - a scroll of identify
 x - 3 scrolls of magic mapping
 C - 2 scrolls of enchant weapon
 F - a scroll of acquirement {unknown}
Potions
 l - 2 potions of curing
 o - a potion of ambrosia {unknown}
 q - a potion of brilliance
 v - 2 potions of haste
 z - a potion of mutation
 D - 2 potions of lignification
 K - a potion of might {unknown}


   Skills:
 - Level 5.5 Fighting
 + Level 9.9 Short Blades
 + Level 7.4 Dodging
 + Level 11.4 Stealth
 + Level 5.0 Spellcasting
 - Level 2.3 Conjurations
 - Level 1.3 Summonings
 + Level 5.2 Necromancy
 - Level 4.0 Transmutations
 * Level 11.4 Earth Magic


You had 5 spell levels left.
You knew the following spells:

 Your Spells              Type           Power      Damage    Failure   Level
a - Sandblast             Erth           100%       2d20      1%          1
b - Passwall              Tmut/Erth      36%        N/A       1%          2
c - Stone Arrow           Conj/Erth      80%        3d12      1%          3
d - Petrify               Tmut/Erth      44%        N/A       4%          4
e - Call Imp              Summ           13%        N/A       11%         2
f - Animate Dead          Necr           32%        N/A       14%         4

Your spell library contained the following spells:

 Spells                   Type           Power      Damage    Failure   Level
 Necrotise                Necr           100%       1d9       1%          1
 Beastly Appendage        Tmut           52%        N/A       2%          1
 Wereblood                Tmut           26%        N/A       3%          2
 Magic Dart               Conj           72%        1d6       4%          1
 Vampiric Draining        Necr           32%        2d8       4%          3
 Spider Form              Tmut/Pois      16%        N/A       16%         3
 Scorch                   Fire           12%        2d6       19%         2
 Mephitic Cloud           Conj/Pois/Air  10%        N/A       26%         3
 Portal Projectile        Hex/Tloc       12%        N/A       34%         3
 Tukima's Dance           Hex            6%         N/A       34%         3
 Anguish                  Hex/Necr       9%         N/A       38%         4
 Blade Hands              Tmut           13%        N/A       54%         5
 Flame Wave               Conj/Fire      12%        2d6       58%         4
 Summon Lightning Spire   Summ/Air       9%         N/A       65%         4
 Airstrike                Air            3%         2d(1-17)  75%         4
 Lightning Bolt           Conj/Air       6%         1d18      90%         5
 Summon Cactus Giant      Summ           6%         N/A       100%        6


Dungeon Overview and Level Annotations

Branches:
Dungeon (10/15)            Temple (0/1) D:5            Lair (2/5) D:10
    Orc (0/2) D:10
  Swamp: Lair:2-3    Shoals: Lair:2-3     Snake: Lair:2-3    Spider: Lair:2-3

Altars:
Ashenzari
Elyvilon
Fedhas
Hepliaklqana
Kikubaaqudgha
Makhleb
Nemelex Xobeh
Ru
Uskayaw

Annotations:
D:5 exclusion: water moccasin


Innate Abilities, Weirdness & Mutations

You are small and have problems with some larger weapons.
You are completely attuned to the shadows.


Message History

The blink frog is heavily wounded.
Your yak zombie misses the blink frog.
The blink frog hits your yak zombie!
Your yak zombie gores the blink frog.
The blink frog hits your yak zombie.
The blink frog blinks!
Your yak zombie misses the blink frog.
You swap places.
The blink frog blinks!
Your yak zombie misses the blink frog.
The blink frog blinks! x2; Your yak zombie barely misses the worm.
You swap places.
The blink frog hits you!
You barely miss the blink frog.
The blink frog is heavily wounded.
The blink frog blinks!
You miss the blink frog.
The blink frog is heavily wounded.
The blink frog hits your yak zombie.
The blink frog hits you but does no damage.
A worm comes into view.
You barely miss the blink frog.
The blink frog is almost dead.
The blink frog blinks!
The blink frog hits your yak zombie!!
The blink frog blinks!
The blink frog hits you.
The blink frog blinks!
You swap places.
Your yak zombie gores the worm!
A giant cockroach comes into view.
The blink frog hits you.
The blink frog blinks!
Your yak zombie gores the blink frog!
The blink frog dies!
Kikubaaqudgha accepts your kill. The worm barely misses your yak zombie.
Your yak zombie barely misses the worm.
The worm bites your yak zombie!
Your yak zombie completely misses the worm.
Your Spellcasting skill increases to level 5!
You hit the blink frog.
The blink frog is severely wounded.
The blink frog hits you!
* * * LOW HITPOINT WARNING * * *
The blink frog blinks!
Your yak zombie gores the worm.
Your yak zombie gores the worm!
You closely miss the blink frog.
The blink frog is severely wounded.
The blink frog hits you!
You die...
Kikubaaqudgha rasps: "You have failed me!
Welcome... death!"

#..##P....# ###Z##.#..##
##.Z##.....#
#######Z##>.###Z###### ####
#.#.P#####..##.†##ZP.####..###
##.....?ZZ##..................
#.......#.##.#................
##..ZZ.#....##.F...............
#...###...####@....#..#.P#..Z..
##...##...§..B....#.##.###...Z.
#.#.###.......ZZ..##....#......
###.# #....##..wZZ##........Z..
#Z###..Z.###†.w†########..Z..
#ZP#..##.###...... .P..Z..
##ZP#P.#####..w.... .......
#..ZP..###.##...... .....Z.
##..Z.............. .....Z.


You could see a blink frog, 2 worms, a giant cockroach and 4 friendly yak
zombies.

Vanquished Creatures
  Erica (D:9)
  A boulder beetle (Lair:1)
  An ugly thing (D:6)
  2 black mambas (Lair:1)
  5 cane toads
  A kobold demonologist (D:10)
  3 komodo dragons
  A troll (D:10)
  A polar bear (Lair:1)
  4 blink frogs
  Sigmund (D:2)
  2 wraiths
  A wyvern (D:9)
  26 yaks
  3 steam dragons (D:9)
  An acid dragon (D:8)
  4 water moccasins
  An ice beast (D:7)
  An orc warrior (D:9)
  A sky beast (D:8)
  2 black bears
  An ogre (D:7)
  2 centaurs
  2 phantoms
  A kobold brigand (D:8)
  3 bullfrogs
  A necrophage (D:6)
  A gnoll sergeant (D:8)
  5 scorpions
  8 wights
  An electric eel (D:6)
  4 howler monkeys
  3 orc priests
  6 hounds
  6 orc wizards
  9 iguanas
  10 adders
  3 gnolls (D:8)
  A shadow imp (D:5)
  2 white imps
  2 ufetubi
  A worm (D:3)
  A dart slug (D:2)
  23 orcs
  4 endoplasms
  6 giant cockroaches
  7 goblins
  8 hobgoblins
  4 jackals (D:1)
  5 quokkas
  7 ball pythons
  9 bats
  8 frilled lizards
  21 kobolds
  2 rats
240 creatures vanquished.

Vanquished Creatures (collateral kills)
  A rime drake (Lair:2)
  A blink frog (Lair:2)
2 creatures vanquished.

Vanquished Creatures (others)
  A yak zombie (Lair:2)
  10 fungi
  10 plants
21 creatures vanquished.

Grand Total: 263 creatures vanquished

Notes
Turn   | Place    | Note
-------+----------+-------------------------------------------
     0 | D:1      | PublicAnimeNo1 the Kobold Earth Elementalist began the
                  | quest for the Orb.
     0 | D:1      | Reached XP level 1. HP: 10/10 MP: 3/3
   119 | D:1      | Reached XP level 2. HP: 16/16 MP: 3/5
   123 | D:1      | Learned a level 2 spell: Passwall
   229 | D:1      | Noticed an eye of devastation
   230 | D:1      | Found a faded altar of an unknown god.
   230 | D:1      | Noticed a shining eye
   341 | D:1      | Reached skill level 1 in Fighting
   504 | D:1      | Reached XP level 3. HP: 20/20 MP: 3/6
   717 | D:1      | Noticed a great orb of eyes
   727 | D:1      | Noticed a floating eye
  1613 | D:2      | Reached skill level 1 in Short Blades
  1613 | D:2      | Reached XP level 4. HP: 23/26 MP: 1/7
  1625 | D:2      | Reached XP level 5. HP: 19/30 MP: 0/8
  1839 | D:2      | Noticed Sigmund
  1843 | D:2      | Killed Sigmund
  1844 | D:2      | Reached skill level 5 in Earth Magic
  1844 | D:2      | Reached XP level 6. HP: 27/36 MP: 4/9
  2091 | D:2      | Learned a level 3 spell: Stone Arrow
  3540 | D:3      | Found a burning altar of Makhleb.
  4014 | D:4      | Reached skill level 5 in Stealth
  4014 | D:4      | Reached XP level 7. HP: 41/41 MP: 6/10
  4200 | D:4      | Reached skill level 1 in Conjurations
  4592 | D:4      | Identified the ring of Res Nullius {rElec rF+ Str+6 Int+5
                  | Stlth-}
  4605 | D:4      | Found a white marble altar of Elyvilon.
  5041 | D:5      | Entered Level 5 of the Dungeon
  5199 | D:5      | Noticed a water moccasin
  5206 | D:5      | Learned a level 4 spell: Petrify
  5383 | D:5      | Found a hazy altar of Hepliaklqana.
  5562 | D:5      | Found a sparkling altar of Nemelex Xobeh.
  5610 | D:5      | Found a staircase to the Ecumenical Temple.
  5641 | D:5      | Reached XP level 8. HP: 47/47 MP: 11/11
  5729 | D:5      | Found a hide-covered altar of Uskayaw.
  6693 | D:6      | Reached skill level 5 in Short Blades
  6785 | D:6      | Reached XP level 9. HP: 52/52 MP: 12/12
  7130 | D:6      | Noticed a brown ugly thing
  7135 | D:6      | Killed a brown ugly thing
  7136 | D:6      | Reached skill level 5 in Fighting
  8098 | D:7      | Learned a level 2 spell: Call Imp
  8244 | D:7      | Found an ancient bone altar of Kikubaaqudgha.
  8248 | D:7      | Became a worshipper of Kikubaaqudgha
  8439 | D:8      | Found a sacrificial altar of Ru.
  8549 | D:8      | Reached skill level 1 in Summonings
  8549 | D:8      | Reached XP level 10. HP: 59/59 MP: 13/13
  8773 | D:8      | Reached skill level 1 in Necromancy
  9425 | D:8      | Reached * piety under Kikubaaqudgha
  9425 | D:8      | Received a gift from Kikubaaqudgha
  9680 | D:8      | Found a blossoming altar of Fedhas.
  9832 | D:9      | Found a broken altar of Ashenzari.
 10691 | D:9      | Reached skill level 5 in Dodging
 10700 | D:9      | Reached XP level 11. HP: 51/64 MP: 1/14
 10993 | D:9      | Noticed Erica
 11001 | D:9      | Killed Erica
 11234 | D:10     | Entered Level 10 of the Dungeon
 11259 | D:10     | Reached skill level 10 in Earth Magic
 11301 | D:10     | Found a staircase to the Lair.
 11508 | D:10     | Reached skill level 10 in Stealth
 12724 | D:10     | Found a staircase to the Orcish Mines.
 12828 | Lair:1   | Entered Level 1 of the Lair of Beasts
 12834 | Lair:1   | Learned a level 4 spell: Animate Dead
 12913 | Lair:1   | Identified the +4 scale mail of Puegaxt {Dex+2}
 13284 | Lair:1   | Reached ** piety under Kikubaaqudgha
 14150 | Lair:1   | Noticed a boulder beetle
 14163 | Lair:1   | Killed a boulder beetle
 14164 | Lair:1   | Reached XP level 12. HP: 52/68 MP: 16/18
 14824 | Lair:2   | Reached skill level 5 in Necromancy
 15186 | Lair:2   | Reached skill level 5 in Spellcasting
 15187 | Lair:2   | Slain by a blink frog

Illustrated notes

Levels and vault maps discovered:
D:1:      evilmike_arrival_come_back, layout_basic,
          hellmonk_ecumenical_altar_watching_god, st_stairs_1
D:2:      layout_basic, chequers_serial_rivers_room_a, uniq_sigmund
D:3:      layout_loops_ring, makhleb_altar_promises_db, grunt_ministairs_5,
          kennysheep_nub, st_stairs_10, hangedman_decor_points,
          minmay_misc_feat_rows
D:4:      layout_basic, elyvilon_altar_5
D:5:      layout_basic, nicolae_uskayaw_murder_on_the_dancefloor,
          worldfamousw_hep_ancestral_shrine, old_standard_altar,
          minmay_temple_entry_large_hall
D:6:      layout_basic, fountainhead
D:7:      layout_loops_ring, mainiacjoe_overflow_alcove_4,
          kennysheep_generic_room_11
D:8:      layout_loops_ring, nicolae_ru_great_annihilating_truth, fedhas_altar_4
D:9:      cheibrodos_steamvent, layout_basic, mainiacjoe_overflow_alcove_1,
          uniq_erica
D:10:     layout_gridville, lair_entry_dummy, orc_0_dummy
Lair:1:   layout_cave_pods
Lair:2:   layout_regular_city, nicolae_spider_entry_non_spiders, st_stairs_7,
          minmay_shattered_shrine, serial_bayou_shore_a

Skill      XL: |  1  2  3  4  5  6  7  8  9 10 11 12 |
---------------+-------------------------------------+-----
Stealth        | 3 4 5 6 8 9 10 11 | 11.4
Fighting       | 1 2 3 4 5 |  5.5
Short Blades   | 1 2 3 5 6 8 9 |  9.9
Earth Magic    | 4 5 7 8 9 10 11 | 11.4
Conjurations   | 1 2 |  2.3
Transmutations | 3 4 |  4.0
Dodging        | 3 5 6 7 |  7.4
Summonings     | 1 |  1.3
Necromancy     | 2 4 5 |  5.2
Spellcasting   | 4 5 |  5.0

Action                   |  1- 3 |  4- 6 |  7- 9 | 10-12 || total
-------------------------+-------+-------+-------+-------++-------
Melee: Dagger            |       |     9 |     7 |   245 ||   261
       Punch             |       |       |     1 |     8 ||     9
 Cast: Sandblast         |    46 |    63 |   124 |    38 ||   271
       Stone Arrow       |       |       |     8 |    89 ||    97
       Petrify           |       |       |       |    32 ||    32
       Animate Dead      |       |       |       |     1 ||     1
Evoke: Wand              |       |       |       |    10 ||    10
  Use: Scroll            |       |       |    21 |       ||    21
       Potion            |       |       |       |     5 ||     5
 Stab: Petrified         |       |       |       |    14 ||    14
       Petrifying        |       |       |       |    13 ||    13
       Sleeping          |       |       |       |    13 ||    13
       Distracted        |       |       |       |     1 ||     1
Armor: Robe              |       |     5 |     7 |     4 ||    16
       Acid dragon scale |       |       |       |    41 ||    41
Dodge: Dodged            |     2 |    33 |    35 |   187 ||   257
